 Dungeon Crawl Stone Soup version 0.27-a0-1217-g8a41f320e8 (webtiles) character file.

Game seed: 6006820705816001669

30 jasper the Ruffian (level 3, -1/21 HPs)
             Began as a Gargoyle Transmuter on June 5, 2021.
             Slain by Robin
             ... wielding a +0 falchion
              (2 damage)
             ... on level 2 of the Dungeon.
             The game lasted 00:02:10 (1083 turns).

jasper the Ruffian (Gargoyle Transmuter)            Turns: 1083, Time: 00:02:11

Health: -1/21      AC:  5    Str: 13    XL:     3   Next: 18%
Magic:  3/6        EV: 12    Int: 14    God:
Gold:   64         SH:  0    Dex: 10    Spells: 3/6 levels left

rFire    . . .     SeeInvis .     - Unarmed
rCold    . . .     Faith    .   (no shield)
rNeg     + . .     Spirit   .   a - +0 robe
rPois    ∞         Reflect  .   (no helmet)
rElec    +         Harm     .   (no cloak)
rCorr    .         Rampage  .   (no gloves)
Will     .....                  (no boots)
Stlth    +.........             (no amulet)
HPRegen  0.07/turn              (no ring)
MPRegen  0.10/turn              (no ring)

@: wereblooded (expiring)
A: sickness immunity, AC +3, negative energy resistance 1, electricity
resistance, torment resistance 1, petrification resistance
a: no special abilities


You were on level 2 of the Dungeon.
You visited 1 branch of the dungeon, and saw 2 of its levels.

You collected 64 gold pieces.

Inventory:

Hand Weapons
 b - a +0 dagger of holy wrath
Missiles
 c - 25 stones
Armour
 a - a +0 robe (worn)
Potions
 d - a potion of resistance
 f - a potion of haste


   Skills:
 + Level 1.7 Fighting
 + Level 1.9 Dodging
 * Level 3.5 Unarmed Combat
 - Level 2.0 Spellcasting
 + Level 1.9 Transmutations


You had 3 spell levels left.
You knew the following spells:

 Your Spells              Type           Power      Damage    Failure   Level
a - Beastly Appendage     Tmut           12%        N/A       11%         1
b - Wereblood             Tmut           6%         N/A       16%         2

Your spell library contained the following spells:

 Spells                   Type           Power      Damage    Failure   Level
 Spider Form              Tmut/Pois      2%         N/A       43%         3
 Ice Form                 Ice/Tmut       4%         N/A       85%         4
 Hydra Form               Tmut           3%         N/A       96%         5


Dungeon Overview and Level Annotations

Branches:
Dungeon (2/15)

Altars:

Annotations:
D:2 Robin


Innate Abilities, Weirdness & Mutations

You are immune to sickness and miasma.
Your stone body is resilient. (AC +3)
You are immune to poison.
You resist negative energy. (rN+)
You are resistant to electric shocks. (rElec)
You are resistant to unholy torment.
You are immune to petrification.


Message History

Robin roars a battlecry!
The goblin goes into a battle-frenzy!
You howl as the wereblood boils in your veins!
Your horns disappear.
Your talons disappear.
Robin throws the goblin at you!
* * * LOW HITPOINT WARNING * * *
You see here a +0 club.
You take 1 damage, and have 5/21 hp.
You hit the goblin.
You kill the goblin!
You howl as the wereblood boils in your veins!
Your primal bloodlust is almost over.
The goblin barely misses you. Robin throws the goblin at you!
You punch the goblin!
You kill the goblin!
Robin says, "Bow before me, strongest of all the hobgoblins!"
You hit Robin but do no damage.
Robin is almost dead.
Robin throws the goblin at you!
* * * LOW HITPOINT WARNING * * *
You take 1 damage, and have 4/21 hp.
You hit the goblin.
The goblin is moderately wounded.
You hear a shout!
The goblin hits you but does no damage.
You closely miss Robin.
Robin is almost dead.
You howl as the wereblood boils in your veins!
Robin roars a battlecry!
The goblin hits you with a +0 club.
* * * LOW HITPOINT WARNING * * *
You take 3 damage, and have 1/21 hp.
You hit the goblin.
You kill the goblin!
Robin throws the goblin at you! The goblin hits you but does no damage.
Okay, then.
You hit the goblin.
The goblin is moderately wounded.
Robin hits you with a +0 falchion.
You die...

...# #..# #'# ##.#
#..# #g# ##.# #..#
#.# ##.# #..# #g#
...# #..# #g#
########..# #g#
..........# #.#
########.#########.#
# #.......g@gg# #
############# # # #


You could see Robin, a hobgoblin (strong) and a goblin (strong).

Vanquished Creatures
  A dart slug (D:1)
  5 ball pythons (D:1)
  An endoplasm (D:1)
  8 goblins
  2 hobgoblins
  2 quokkas (D:1)
  A kobold (D:1)
  4 rats
24 creatures vanquished.

Notes
Turn   | Place    | Note
-------+----------+-------------------------------------------
     0 | D:1      | jasper the Gargoyle Transmuter began the quest for the Orb.
     0 | D:1      | Reached XP level 1. HP: 12/12 MP: 3/3
   260 | D:1      | Reached XP level 2. HP: 16/16 MP: 3/5
   263 | D:1      | Learned a level 2 spell: Wereblood
  1050 | D:2      | Noticed Robin
  1064 | D:2      | Reached XP level 3. HP: 18/20 MP: 1/6
  1081 | D:2      | HP: 1/21 [goblin/+0 club[Robin] (3)]
  1083 | D:2      | Slain by Robin

Illustrated notes

Levels and vault maps discovered:
D:1:      dpeg_arrival_houses_and_road, layout_loops_ring
D:2:      layout_basic, uniq_sigmund, uniq_natasha, uniq_robin

Action                   || total
-------------------------++-------
Melee: Unarmed           ||    65
       Kick              ||    15
       Headbutt          ||     6
Throw: Stone             ||     7
 Cast: Beastly Appendage ||    14
       Wereblood         ||     1
  Use: Scroll            ||     2
 Stab: Sleeping          ||     1
Armor: Robe              ||    12
Dodge: Dodged            ||    35

Table legend: (Time is in decaauts)
 A = Elapsed time spent in this place.
 B = Non-inter-level travel time spent in this place.
 C = Inter-level travel time spent in this place.
 D = Time resting spent in this place.
 E = Time spent auto-exploring this place.
 F = Levels seen in this place.
 G = Mean time per level.
                   A        B        C        D        E       F      G
               +--------+--------+--------+--------+--------+-----+--------+
         Total |   1079 |   1068 |     11 |      9 |    898 |   2 |  539.5 |
       Dungeon |   1079 |   1068 |     11 |      9 |    898 |   2 |  539.5 |
               +--------+--------+--------+--------+--------+-----+--------+

Top non-repeatable levels by time:
     D:1: 848 daAuts
     D:2: 230 daAuts
